 Dungeon Crawl Stone Soup version 0.31-a0-986-g5e6e4ef867 (webtiles) character file.

Game seed: 15096601041400360888

410 Lobster4 the Digger (level 6, -13/35 HPs)
             Began as a Gargoyle Earth Elementalist on Nov 12, 2023.
             Engulfed by a cloud of steam (18 damage)
             ... on level 6 of the Dungeon.
             The game lasted 00:07:11 (2757 turns).

Lobster4 the Digger (Gargoyle Earth Elementalist)   Turns: 2757, Time: 00:07:12

Health: -13/35     AC:  9    Str: 11    XL:     6   Next: 89%
Magic:  3/10       EV: 12    Int: 18    God:
Gold:   121        SH:  0    Dex: 10    Spells: 4/10 levels left

rFire   . . .        r - +0 short sword (protect)
rCold   . . .        (no shield)
rNeg    + . .        a - +0 robe
rPois   ∞            (no helmet)
rElec   +            h - +2 cloak
rCorr   +            (no gloves)
SInv    .            (no boots)
Will    .....        (no amulet)
Stlth   ++           g - ring of resist corrosion
HPRegen 0.25/turn    m - ring of wizardry
MPRegen 0.12/turn

%: wizardry (x1)
@: no status effects
A: sickness immunity, AC +4, negative energy resistance 1, electricity
resistance, torment resistance 1, petrification resistance
a: no special abilities


You were on level 6 of the Dungeon.
You visited 1 branch of the dungeon, and saw 5 of its levels.

You collected 121 gold pieces.

Inventory:

Hand Weapons
 r - a +0 short sword of protection (weapon)
Missiles
 d - 8 stones
 f - 4 boomerangs
 k - 4 javelins (quivered)
 t - 8 poisoned darts
Armour
 a - a +0 robe (worn)
 c - a +0 leather armour
 h - a +2 cloak (worn)
Jewellery
 g - a ring of resist corrosion (left hand)
 m - a ring of wizardry (right hand)
 p - a ring of wizardry
Wands
 q - a wand of flame (6)
Scrolls
 o - a scroll of poison {unknown}
Potions
 e - 2 potions of degeneration {unknown}
 i - a potion of haste {unknown}
 j - 5 potions of curing {unknown}
 l - 3 potions of mutation {unknown}
 n - a potion of attraction {unknown}
 u - a potion of heal wounds {unknown}


   Skills:
 - Level 2.0 Fighting
 + Level 2.4 Armour
 + Level 2.4 Dodging
 - Level 2.1 Stealth
 + Level 2.8 Spellcasting
 * Level 2.9 Conjurations
 - Level 1.0 Transmutations
 * Level 5.3 Earth Magic
 + Level 1.6 Evocations


You had 4 spell levels left.
You knew the following spells:

 Your Spells              Type           Power      Damage    Failure   Level
a - Sandblast             Erth           42%        2d11      1%          1
b - Stone Arrow           Conj/Erth      34%        3d9       3%          3
p - Passwall              Tmut/Erth      11%        N/A       2%          2

Your spell library contained the following spells:

 Spells                   Type           Power      Damage    Failure   Level
 Scorch                   Fire           4%         2d5       11%         2
 Brom's Barrelling Bould  Conj/Erth      17%        2d4       12%         4
 Petrify                  Tmut/Erth      14%        N/A       17%         4
 Flame Wave               Conj/Fire      7%         2d5       32%         4
 Summon Cactus Giant      Summ           1%         N/A       100%        6


Dungeon Overview and Level Annotations

Branches:
Dungeon (4/15)
 Temple: D:4-7

Altars:
The Shining One

Shops:
D:2 [

Annotations:
D:4 1 transporter, p00ps00p's ghost, amateur HOFi


Innate Abilities, Weirdness & Mutations

You are immune to sickness and miasma.
Your stone body is resilient. (AC +4)
You are immune to poison.
You resist negative energy. (rN+)
You are resistant to electric shocks. (rElec)
You are resistant to unholy torment.
You are immune to petrification.


Message History

Aim: a black bear (moderately wounded, 77% to hit)
The stone arrow hits the black bear!!
You kill the black bear!
Magic restored.
You see here a black bear corpse.
j - 5 inky potions (gained 1)
You open the door.
A steam dragon comes into view.
The steam dragon hisses angrily.
The steam dragon breathes steam at you. The ball of steam hits you!
The steam dragon moves out of view.
Casting: Stone Arrow (dangerous; 3% risk of failure)
Confirm with . or Enter, or press ? or * to list all spells.
Aiming: Stone Arrow (dangerous; 3% risk of failure)
Press: ? - help, Shift-Dir - straight line, f - steam dragon
Aim: a steam dragon (steam, 68% to hit)
The stone arrow hits the steam dragon!
The steam dragon is heavily wounded.
Casting: Stone Arrow (dangerous; 3% risk of failure)
Confirm with . or Enter, or press ? or * to list all spells.
Aiming: Stone Arrow (dangerous; 3% risk of failure)
Press: ? - help, Shift-Dir - straight line, f/p - steam dragon
Aim: a steam dragon (heavily wounded, 68% to hit)
The stone arrow hits the steam dragon!
The steam dragon is almost dead.
The steam dragon breathes steam at you. The ball of steam hits you!!
Ouch! That really hurt!
* * * LOW HITPOINT WARNING * * *
You hear a shout! x4
Casting: Stone Arrow (dangerous; 3% risk of failure)
Confirm with . or Enter, or press ? or * to list all spells.
Aiming: Sandblast (safe; 1% risk of failure)
Press: ? - help, Shift-Dir - straight line, f/p - steam dragon
Aim: a steam dragon (steam, almost dead, catching its breath, 83% to hit)
The blast of sand hits the steam dragon!
You kill the steam dragon!
You are engulfed in a cloud of scalding steam.
Ouch! That really hurt!
You die...

#.............
#####............
##..##..##..######
#...##..########## #####
#.........†...... #.....
#..##............
......##..##..##..######
#.....§§§.....##..#
#.D.§.#@§......#....
##+## ##§.##...#.....
#.§##..###...## ...##..#
##### #.... . ###+##


There were no monsters in sight!

Vanquished Creatures
  A steam dragon (D:6)
  An orc warrior (D:6)
  A black bear (D:6)
  A scorpion (D:6)
  A jelly (D:4)
  A hound (D:3)
  An orc wizard (D:6)
  An adder (D:3)
  3 worms
  A dart slug (D:3)
  3 orcs
  5 ball pythons
  6 endoplasms
  A giant cockroach (D:1)
  8 goblins
  5 hobgoblins
  7 kobolds
  2 quokkas
  3 bats
  3 frilled lizards
  6 rats
61 creatures vanquished.

Notes
Turn   | Place    | Note
-------+----------+-------------------------------------------
     0 | D:1      | Lobster4 the Gargoyle Earth Elementalist began the quest
                  | for the Orb.
     0 | D:1      | Reached XP level 1. HP: 10/10 MP: 3/3
   361 | D:1      | Reached XP level 2. HP: 16/16 MP: 1/5
   584 | D:1      | Reached skill level 4 in Earth Magic
   587 | D:1      | Learned a level 2 spell: Passwall
   758 | D:2      | Reached skill level 1 in Armour
   854 | D:2      | Reached skill level 1 in Transmutations
   854 | D:2      | Reached XP level 3. HP: 20/20 MP: 2/6
   858 | D:2      | Learned a level 3 spell: Stone Arrow
  1046 | D:2      | Found a glowing golden altar of the Shining One.
  1132 | D:2      | Found Uzium's Armour Emporium.
  1363 | D:3      | Reached skill level 1 in Fighting
  1561 | D:3      | Found a faded altar of an unknown god.
  1607 | D:3      | Reached XP level 4. HP: 25/25 MP: 3/7
  2007 | D:3      | Reached skill level 1 in Conjurations
  2429 | D:4      | Noticed p00ps00p's ghost (amateur HOFi)
  2432 | D:4      | Found a transporter.
  2447 | D:4      | Reached skill level 1 in Evocations
  2447 | D:4      | Reached XP level 5. HP: 29/29 MP: 5/8
  2479 | D:4      | You fall into a shaft and drop 2 floors!
  2479 | D:6      | Identified the "Rinoplost"
  2494 | D:6      | Noticed an orc warrior
  2512 | D:6      | Reached XP level 6. HP: 13/35 MP: 0/9
  2515 | D:6      | Killed an orc warrior
  2516 | D:6      | Reached skill level 5 in Earth Magic
  2665 | D:6      | Noticed a black bear
  2673 | D:6      | Killed a black bear
  2751 | D:6      | Noticed a steam dragon
  2757 | D:6      | Killed a steam dragon
  2757 | D:6      | Engulfed by a cloud of steam

Illustrated notes

Levels and vault maps discovered:
D:1:      elethiomel_arrival_quiet, layout_basic
D:2:      layout_rooms, basic_altar, serial_shops, shop
D:3:      layout_basic, hellmonk_ecumenical_altar_pennies_from_heaven
D:4:      layout_cave_pools, gammafunk_temple_overflow_elements,
          lemuel_crystal_altar, gammafunk_ghost_arena, goddamned_bats
D:6:      layout_gridville

Skill      XL: |  1  2  3  4  5  6 |
---------------+-------------------+-----
Earth Magic    | 4 5 |  5.3
Armour         | 1 2 |  2.4
Transmutations | 1 |  1.0
Fighting       | 1 2 |  2.0
Conjurations   | 1 2 |  2.9
Dodging        | 2 |  2.4
Evocations     | 1 |  1.6
Stealth        | |  2.1
Spellcasting   | |  2.8

Action                     |  1- 3 |  4- 6 || total
---------------------------+-------+-------++-------
  Throw: Boomerang         |     7 |     5 ||    12
         Javelin           |       |     4 ||     4
         Dart              |       |     3 ||     3
   Cast: Sandblast         |    55 |    30 ||    85
         Stone Arrow       |       |     6 ||     6
  Evoke: Wand              |       |     2 ||     2
    Use: Scroll            |     5 |     1 ||     6
         Potion            |       |     2 ||     2
 Armour: Robe              |     3 |    17 ||    20
         Skin              |       |     4 ||     4
  Dodge: Dodged            |    12 |    13 ||    25

Table legend: (Time is in decaauts)
 A = Elapsed time spent in this place.
 B = Non-inter-level travel time spent in this place.
 C = Inter-level travel time spent in this place.
 D = Time resting spent in this place.
 E = Time spent auto-exploring this place.
 F = Levels seen in this place.
 G = Mean time per level.
                   A        B        C        D        E       F      G
               +--------+--------+--------+--------+--------+-----+--------+
         Total |   2802 |   2737 |     65 |    176 |   2149 |   5 |  560.4 |
       Dungeon |   2802 |   2737 |     65 |    176 |   2149 |   5 |  560.4 |
               +--------+--------+--------+--------+--------+-----+--------+

Top non-repeatable levels by time:
     D:3: 948 daAuts
     D:1: 731 daAuts
     D:2: 640 daAuts
     D:6: 284 daAuts
     D:4: 197 daAuts
